 Dungeon Crawl Stone Soup version 0.28-a0-1510-gd0f6b136d3 (webtiles) character file.

Game seed: 8083325965745860836

5235 mopl the Martial Artist (level 10, -2/86 HPs)
             Began as a Djinni Transmuter on Jan 14, 2022.
             Was an Elder of Nemelex Xobeh.
             Slain by a killer bee (8 damage)
             ... on level 9 of the Dungeon.
             The game lasted 00:17:05 (10052 turns).

mopl the Martial Artist (Djinni Transmuter)        Turns: 10052, Time: 00:17:06

Health: -2/86      AC:  8    Str: 13    XL:     10   Next: 92%
Gold:   584        EV: 16    Int: 22    God:    Nemelex Xobeh [****..] SH:  0 Dex: 13

rFire   x . .      SeeInvis .     - Unarmed
rCold   + + +      Faith    .   (shield currently unavailable)
rNeg    . . .      Spirit   .   (armour currently unavailable)
rPois   ∞          Reflect  .   (helmet currently unavailable)
rElec   .          Harm     .   (cloak currently unavailable)
rCorr   .          Rampage  .   (gloves currently unavailable)
Will    +....                   (boots unavailable)
Stlth   +.........              d - amulet of the acrobat
HPRegen 0.24/turn               t - +4 ring of evasion
MPRegen 0.00/turn               a - +6 ring of intelligence

@: ice-form, flying
A: freezing attack, flying, boosted hp, sickness immunity, large, (fire
resistance 2), (cold vulnerability 1), float, innate caster, hp casting, extra
vitality 1
a: End Transformation, Renounce Religion, Draw Escape, Draw Destruction, Draw
Summoning, Triple Draw, Deal Four


You were on level 9 of the Dungeon.
You worshipped Nemelex Xobeh.
Nemelex Xobeh was greatly pleased with you.
You were a creature of crystalline ice.
You visited 1 branch of the dungeon, and saw 9 of its levels.
You also visited: Ossuary.

You collected 584 gold pieces.

Inventory:

Hand Weapons
 m - a +2 long sword of freezing
 x - the +6 falchion of Misery {venom, rN+ Will- Int+2}
   (You found it on level 5 of the Dungeon)

   It poisons the flesh of those it strikes.
   Int:       It affects your intelligence (+2).
   rN:        It protects you from negative energy.
   Will:      It decreases your willpower.
 H - a +1 war axe of flaming
Missiles
 l - 24 poisoned darts
 n - 3 boomerangs of dispersal
 y - 5 javelins
 M - a throwing net
 O - 5 boomerangs
Armour
 e - a +0 chain mail
 I - +0 steam dragon scales (melded)
 J - a +0 kite shield
 N - a +0 cloak (melded)
Magical Staves
 c - a staff of air
Jewellery
 a - a +6 ring of intelligence (right front paw)
 d - an amulet of the acrobat (around neck)
 t - a +4 ring of evasion (left front paw)
 B - a ring of ice
Wands
 h - a wand of digging (12)
 v - a wand of flame (20)
 A - a wand of mindburst (15)
 F - a wand of polymorph (4)
Scrolls
 f - 5 scrolls of teleportation
 k - 4 scrolls of enchant armour {unknown}
 o - 4 scrolls of immolation {unknown}
 r - 2 scrolls of holy word {unknown}
 z - 6 scrolls of identify {unknown}
 G - a scroll of magic mapping {unknown}
 K - 2 scrolls of torment {unknown}
Potions
 b - a potion of brilliance {unknown}
 g - 4 potions of cancellation {unknown}
 i - 5 potions of might {unknown}
 j - 4 potions of curing {unknown}
 p - a potion of resistance {unknown}
 q - 2 potions of attraction {unknown}
 s - 3 potions of berserk rage {unknown}
 u - 2 potions of haste {unknown}
 w - a potion of heal wounds
 C - 2 potions of lignification {unknown}
 D - a potion of ambrosia {unknown}
 E - a potion of degeneration {unknown}
 L - a potion of mutation {unknown}
 P - a potion of flight {unknown}
 Q - a potion of invisibility {unknown}


   Skills:
 + Level 6.2 Fighting
 + Level 6.6 Dodging
 * Level 9.5 Unarmed Combat
 * Level 5.6 Spellcasting
 + Level 5.9 Invocations


You couldn't memorise any spells.
You knew the following spells:

 Your Spells              Type           Power      Damage    Failure   Level
a - Beastly Appendage     Tmut           62%        N/A       1%          1
b - Spider Form           Tmut/Pois      31%        N/A       2%          3
c - Lesser Beckoning      Tloc           31%        N/A       2%          3
d - Ice Form              Ice/Tmut       31%        N/A       10%         4
e - Apportation           Tloc           62%        N/A       1%          1
f - Scorch                Fire           62%        2d8       1%          2
g - Anguish               Hex/Necr       15%        N/A       10%         4
w - Wereblood             Tmut           31%        N/A       1%          2
Your spell library was empty.

Dungeon Overview and Level Annotations

Branches:
Dungeon (9/15)             Temple (0/1) D:5         Ossuary (visited)
   Lair: D:8-11         Orc: D:9-12

Altars:
Cheibriados
Gozag
Kikubaaqudgha
Nemelex Xobeh
Okawaru
Sif Muna
Wu Jian
Xom
The Shining One

Shops:
D:2 :   D:4 [


Innate Abilities, Weirdness & Mutations

You are a creature of crystalline ice.
You have a powerful freezing melee attack.
You are flying.
Your maximum health is increased.
Your armour is entirely melded.
You are incapable of wielding weapons or throwing items.
You are immune to sickness and miasma.
You are immune to poison.
((Your flesh is very heat resistant. (rF++)))
((You are vulnerable to cold. (rC-)))
You float through the air rather than walking.
You learn spells naturally, not from books.
Your magical power is your life essence.
You have superior vitality. (+4 MHP)


Message History

The killer bee stings you but does no damage.
The killer bee completely misses you.
Unknown command.
You barely miss the killer bee.
The killer bee is severely wounded.
The killer bee stings you.
* * * LOW HITPOINT WARNING * * *
The killer bee stings you but does no damage.
The killer bee misses you. The killer bee closely misses you.
Unknown command.
You draw a card...
You have drawn Pain.
Press: ? - help, Shift-Dir - straight line, f/p - orc priest
Aim: an orc priest, wielding a +0 flail The killer bee convulses!
The killer bee misses you. The killer bee stings you.
* * * LOW HITPOINT WARNING * * *
A killer bee comes into view.
The orc priest calls down the wrath of Beogh upon you.
Beogh smites you!
* * * LOW HITPOINT WARNING * * *
The killer bee misses you. The killer bee barely misses you.
You hear an angry buzzing noise.
Unknown command.
You draw a card...
You have drawn the Cloud.
Clouds appear around you!
You hear an angry buzzing noise.
The killer bee stings you.
* * * LOW HITPOINT WARNING * * *
The killer bee stings you.
* * * LOW HITPOINT WARNING * * *
The killer bee stings you but does no damage.
The killer bee completely misses you.
You hear an angry buzzing noise.
You draw a card...
You have drawn Pain.
Press: ? - help, Shift-Dir - straight line, f/p - orc priest
Aim: an orc priest, wielding a +0 flail (black smoke)
The killer bee convulses!
The killer bee barely misses you. The killer bee stings you!
You die...
Your body glows slightly and disappears.

#..# ##..##..
#....###......#
#..)......###.. ###
...###..#####.
###..... #.## #...
y..##.#.###.## #..#
yy##.#......# ##..
#y##.#####..# ###
#Y##.# ##.).## #
#y#..###..#..### #
.####ooy.#...###.†.#
# ..........†.###
###.# #
#.#####....## ...
#....... ##..
#...##### #. #..## .
#$.#


You could see 4 killer bees, an orc priest and an orc.

Vanquished Creatures
  Harold (D:7)
  Pikel (D:7)
  A manticore (D:7)
  Maggie (D:6)
  A hornet (D:8)
  A wraith (D:7)
  2 steam dragons
  Menkaure (D:5)
  A water moccasin (D:7)
  2 ice beasts
  A sky beast (D:5)
  An ogre (D:7)
  2 centaurs (D:9)
  A phantom (D:6)
  3 lemures
  2 kobold brigands
  2 bullfrogs
  Blork the orc (D:4)
  2 water moccasin zombies (D:5)
  5 wights (D:8)
  10 killer bees
  3 howler monkeys (D:9)
  2 electric eels (D:8)
  3 hounds
  2 centaur zombies
  A human zombie (Ossuary)
  An orc priest (D:3)
  A jelly (D:8)
  5 orc wizards
  6 iguanas
  A killer bee zombie (D:8)
  2 hound zombies (Ossuary)
  A hound skeleton (D:4)
  4 mummies (Ossuary)
  A gnoll (D:2)
  12 adders
  A white imp (D:6)
  An adder zombie (Ossuary)
  A worm (D:3)
  4 dart slugs
  24 orcs
  10 endoplasms
  A giant cockroach (D:1)
  A gnoll zombie (Ossuary)
  9 goblins
  6 hobgoblins
  4 jackals (D:1)
  2 quokkas
  6 ball pythons
  5 bats
  A frilled lizard (D:2)
  A goblin zombie (Ossuary)
  3 jackal zombies (Ossuary)
  17 kobolds
  2 kobold zombies (Ossuary)
  A quokka skeleton (D:4)
  3 rats
  A rat zombie (Ossuary)
191 creatures vanquished.

Vanquished Creatures (others)
  A howler monkey zombie (D:8)
  5 plants (D:8)
6 creatures vanquished.

Grand Total: 197 creatures vanquished

Notes
Turn   | Place    | Note
-------+----------+-------------------------------------------
     0 | D:1      | mopl the Djinni Transmuter began the quest for the Orb.
     0 | D:1      | Reached XP level 1. HP: 17/17 MP: 0/0
   330 | D:1      | Reached XP level 2. HP: 18/22 MP: 0/0
   648 | D:1      | Reached XP level 3. HP: 27/27 MP: 0/0
   648 | D:1      | Learned a level 1 spell: Apportation
   655 | D:1      | Found a faded altar of an unknown god.
   662 | D:1      | Prayed at the altar of an unknown god.
   662 | D:1      | Became a worshipper of Nemelex Xobeh the Trickster
   662 | D:1      | Reached * piety under Nemelex Xobeh
   662 | D:1      | Received a gift from Nemelex Xobeh
  1004 | D:2      | Reached skill level 2 in Spellcasting
  1015 | D:2      | Reached XP level 4. HP: 23/33 MP: 0/0
  1108 | D:2      | Reached skill level 4 in Unarmed Combat
  1419 | D:2      | Reached skill level 2 in Fighting
  1444 | D:2      | Found Qude's Book Boutique.
  1478 | D:2      | Reached skill level 1 in Invocations
  2197 | D:3      | Reached XP level 5. HP: 27/38 MP: 0/0
  2197 | D:3      | Learned a level 2 spell: Scorch
  2396 | D:3      | Reached ** piety under Nemelex Xobeh
  2672 | D:3      | Received a gift from Nemelex Xobeh
  2853 | D:3      | Reached XP level 6. HP: 14/45 MP: 0/0
  3429 | D:4      | Found Kuosyxkaero's Armour Shop.
  3464 | D:4      | Reached skill level 5 in Unarmed Combat
  3477 | D:4      | Reached skill level 2 in Invocations
  3504 | D:4      | Noticed Blork the orc
  3516 | D:4      | Killed Blork the orc
  3577 | D:4      | Found an opulent altar of Gozag.
  3577 | D:4      | Found an ornate altar of the Wu Jian Council.
  3578 | D:4      | Found a snail-covered altar of Cheibriados.
  3579 | D:4      | Found a shimmering altar of Xom.
  3581 | D:4      | Found an iron altar of Okawaru.
  3707 | D:4      | Found a sand-covered staircase.
  3715 | Ossuary  | Entered an ossuary
  3777 | Ossuary  | Reached skill level 3 in Fighting
  3814 | Ossuary  | Reached XP level 7. HP: 28/50 MP: 0/0
  3814 | Ossuary  | Learned a level 3 spell: Lesser Beckoning
  4392 | D:4      | Reached skill level 3 in Dodging
  4710 | D:5      | Entered Level 5 of the Dungeon
  4832 | D:5      | Identified the +6 falchion of Misery {venom, rN+ Will-
                  | Int+2}
  5071 | D:5      | Received a gift from Nemelex Xobeh
  5108 | D:5      | Reached *** piety under Nemelex Xobeh
  5137 | D:5      | Noticed Menkaure
  5142 | D:5      | Killed Menkaure
  5143 | D:5      | Reached skill level 6 in Unarmed Combat
  5143 | D:5      | Reached XP level 8. HP: 37/56 MP: 0/0
  5192 | D:5      | Reached skill level 3 in Invocations
  5389 | D:5      | Reached skill level 3 in Spellcasting
  5390 | D:5      | Found a staircase to the Ecumenical Temple.
  5395 | D:5      | Received a gift from Nemelex Xobeh
  5444 | D:5      | Found a glowing golden altar of the Shining One.
  5604 | D:5      | Reached skill level 4 in Fighting
  5604 | D:5      | Reached skill level 4 in Dodging
  6305 | D:6      | Noticed Maggie
  6326 | D:6      | Killed Maggie
  6327 | D:6      | Reached skill level 7 in Unarmed Combat
  6327 | D:6      | Reached skill level 4 in Invocations
  6327 | D:6      | Reached XP level 9. HP: 11/63 MP: 0/0
  6327 | D:6      | Learned a level 4 spell: Anguish
  6724 | D:6      | Reached skill level 5 in Dodging
  7052 | D:7      | Reached skill level 5 in Fighting
  7052 | D:7      | Reached skill level 4 in Spellcasting
  7095 | D:7      | Noticed Pikel
  7321 | D:7      | Killed Pikel
  7322 | D:7      | Reached skill level 8 in Unarmed Combat
  7492 | D:7      | Received a gift from Nemelex Xobeh
  7496 | D:7      | Noticed a cyclops
  7497 | D:7      | Noticed a manticore
  7497 | D:7      | a cyclops changed into a manticore
  7500 | D:7      | Killed a manticore
  7501 | D:7      | Reached skill level 5 in Invocations
  7501 | D:7      | Reached XP level 10. HP: 47/70 MP: 0/0
  7768 | D:7      | Reached **** piety under Nemelex Xobeh
  7786 | D:7      | Reached skill level 6 in Dodging
  7849 | D:7      | Reached skill level 5 in Spellcasting
  7986 | D:7      | Noticed Harold
  8002 | D:7      | Killed Harold
  8003 | D:7      | Reached skill level 9 in Unarmed Combat
  8839 | D:8      | Reached skill level 6 in Fighting
  8877 | D:8      | Received a gift from Nemelex Xobeh
 10052 | D:9      | Slain by a killer bee

Illustrated notes

Levels and vault maps discovered:
D:1:      dpeg_arrival_court, layout_loops_ring,
          shapermc_ecumenical_altar_notcrosses
D:2:      minmay_evil_eye, layout_rooms, serial_shops, shop, basic_altar
D:3:      layout_loops_corners, minmay_goblin_outpost
D:4:      layout_basic, minitemple, chequers_ossuary_entry_cave, serial_shops,
          nicolae_shop_hallway_stairs, minmay_misc_feat_more_columns,
          amethyst_killhole, uniq_blork_the_orc
D:5:      layout_gridville, nicolae_tso_swordbearing_angel,
          minmay_temple_entry_mini_moons, uniq_menkaure
D:6:      layout_rooms, uniq_maggie
D:7:      layout_basic, hex_medium, minivault_5, eino_jars, uniq_pikel,
          uniq_harold
D:8:      layout_basic, serial_bayou_ford_a, lemuel_flamethrower_2
D:9:      layout_rooms, dpeg_oklobed_lair

Skill      XL: |  1  2  3  4  5  6  7  8  9 10 |
---------------+-------------------------------+-----
Spellcasting   | 2 3 4 5 |  5.6
Unarmed Combat | 4 5 6 7 8 9 |  9.5
Fighting       | 2 3 4 5 6 |  6.2
Invocations    | 1 2 4 5 |  5.9
Dodging        | 3 4 5 6 |  6.6

Action                   |  1- 3 |  4- 6 |  7- 9 | 10-12 || total
-------------------------+-------+-------+-------+-------++-------
Melee: Unarmed           |    73 |   223 |   371 |   141 ||   808
       Punch             |     4 |     4 |     9 |     6 ||    23
       Headbutt          |     9 |    33 |    17 |     2 ||    61
 Cast: Beastly Appendage |    10 |    29 |     8 |     1 ||    48
       Wereblood         |     1 |     1 |     1 |       ||     3
       Spider Form       |       |     1 |    16 |     4 ||    21
       Scorch            |       |       |     3 |       ||     3
       Ice Form          |       |       |     6 |     6 ||    12
Invok: Draw Destruction  |       |       |     5 |    11 ||    16
       Draw Escape       |       |       |     3 |     1 ||     4
 Abil: End Transformatio |       |       |     1 |     1 ||     2
Evoke: Wand              |       |       |     1 |       ||     1
  Use: Scroll            |       |     1 |       |       ||     1
       Potion            |       |       |       |     1 ||     1
 Stab: Sleeping          |     2 |     1 |       |       ||     3
Armor: Robe              |    20 |    28 |     4 |       ||    52
       Skin              |       |       |    21 |    21 ||    42
       Steam dragon scal |       |       |     2 |     9 ||    11
Dodge: Dodged            |    38 |   141 |   336 |   186 ||   701

Table legend: (Time is in decaauts)
 A = Elapsed time spent in this place.
 B = Non-inter-level travel time spent in this place.
 C = Inter-level travel time spent in this place.
 D = Time resting spent in this place.
 E = Time spent auto-exploring this place.
 F = Levels seen in this place.
 G = Mean time per level.
                   A        B        C        D        E       F      G
               +--------+--------+--------+--------+--------+-----+--------+
         Total |   9961 |   9650 |    311 |   3644 |   3976 |  10 |  996.1 |
       Dungeon |   9338 |   9027 |    311 |   3274 |   3935 |   9 | 1037.6 |
       Ossuary |    622 |    622 |      0 |    370 |     41 |   1 |  622.0 |
               +--------+--------+--------+--------+--------+-----+--------+

Top non-repeatable levels by time:
     D:7: 1605 daAuts
     D:3: 1436 daAuts
     D:8: 1272 daAuts
     D:5: 1194 daAuts
     D:6: 1109 daAuts
     D:2: 1013 daAuts
     D:1: 961 daAuts
     D:4: 642 daAuts
 Ossuary: 622 daAuts
     D:9: 102 daAuts
